AoeStats
← CORP | Diego_Corsant

Arabia

510053934Analyzed
1v1 RM · 2d ago on Sep 29, 2026· 31m 53s· 2 players
Game mode
Random Map
Map size
Tiny (2 player)
Population
200
Speed
Normal
Resources
Standard
Victory
Conquest
Starting age
Dark Age
Ending age
Imperial Age
RankedLock teamsTeams togetherTeam positionsShared explorationLock speedFull tech treeHidden civsTurbo modeCheats
Victory
Defeat
🇺🇸 Hindustanis · United States
1670
+14
🇩🇪 Hindustanis · Germany
1634
-14
Gustav
6:21 Loom
8:16 Loom
10:01 Feudal Age
15:01 Castle Age
13:06 Double-Bit Axe
14:27 Horse Collar
16:33 Bow Saw
26:30 Scale Mail Armor
28:00 Wheelbarrow
29:11 Forging
CORP | Diego_Corsant
5:59 Loom
8:12 Feudal Age
9:00 Double-Bit Axe
15:29 Town Watch
22:26 Castle Age
23:46 Scale Mail Armor
26:02 Forging
26:53 Squires
27:00 Padded Archer Armor
28:46 Chain Mail Armor
30:21 Iron Casting
Connection lost

Rejoining the realm…

Still unreachable

The connection could not be restored.

Session expired

The server has moved on; the page needs a fresh start.